 Dungeon Sprint DCSS version 0.20-a0-1018-ge435b50 (webtiles) character file.

10300000 Krakonus1 the Formicid Barricade (level 27, -6/249 HPs)
             Began as a Formicid Fighter on Apr 16, 2017.
             Was the Champion of Makhleb.
             Killed by divine providence
             ... invoked by an observer
              (14 damage)
             ... in the Dungeon (Sprint VIII: "Arena of Blood").
             The game lasted 00:12:03 (103 turns).

Krakonus1 the Formicid Barricade (Formicid Fighter)  Turns: 103, Time: 00:12:04

Health: -6/249     AC: 13    Str: 21    XL:     27
Magic:  41/54      EV: 31    Int: 12    God:    Makhleb [******]
Gold:   0          SH: 19    Dex: 19    Spells: 80/80 levels left

rFire    . . .     SeeInvis +   k - +∞ Axe of Woe
rCold    . . .     Gourm    .   b - +0 shield
rNeg     . . .     Faith    .   a - +0 scale mail
rPois    .         Spirit   .   (helmet unavailable)
rElec    .         Reflect  .   (no cloak)
rCorr    .         Harm     .   (no gloves)
MR       ++...                  (no boots)
Stlth    ++++++++..             (no amulet)
Regen    0.6/turn               (no ring)
MPRegen  0.4/turn               (no ring)

@: marked
A: permanent stasis, dig shafts and tunnels, four strong arms, antennae 3
a: Dig, Minor Destruction, Lesser Servant of Makhleb, Major Destruction, Greater
Servant of Makhleb, Renounce Religion


You were in the Dungeon.
You worshipped Makhleb.
Makhleb was exalted by your worship.
You were not hungry.

You visited 1 branch

Inventory:

Hand Weapons
 k - the +∞ Axe of Woe (weapon)
   (You found it in the Dungeon)
Armour
 a - a +0 scale mail (worn)
 b - a +0 shield (worn)
Scrolls
 j - a scroll of blinking
Potions
 c - a potion of might
 e - a potion of curing
 g - a potion of haste
 h - 2 potions of magic
 i - a potion of berserk rage
Comestibles
 d - a bread ration


   Skills:
 O Level 27 Fighting
 O Level 27 Axes
 O Level 27 Throwing
 O Level 27 Armour
 O Level 27 Dodging
 O Level 27 Stealth
 O Level 27 Shields
 O Level 27 Unarmed Combat
 O Level 27 Spellcasting
 O Level 27 Invocations


You had 80 spell levels left.
You didn't know any spells.

Dungeon Overview and Level Annotations

Branches:
Dungeon (1/1)

Altars:
Makhleb


Innate Abilities, Weirdness & Mutations

You cannot be hasted, slowed, berserked, paralysed or teleported.
You can dig through walls and to a lower floor.
Your four strong arms can wield two-handed weapons with a shield.
You have a pair of large antennae on your head. (SInv)


Message History

The dread calls on the powers of darkness!
The bag of meat convulses! x2; The observer convulses!
The bag of meat convulses! x3; Your body is wracked with pain!
* * * LOW HITPOINT WARNING * * *
The meat berserker convulses!
The bag of meat convulses!
The eight-headed meat hydra calls on the powers of darkness!
The eight-headed meat hydra convulses!
The bag of meat convulses! x7
The eight-headed meat hydra convulses!
The meat berserker convulses!
The bag of meat convulses! x4; Your body is wracked with pain!
* * * LOW HITPOINT WARNING * * *
The bag of meat convulses!
The large bag of meat convulses!
The meat berserker convulses!
The bag of meat convulses!
The observer convulses!
The large bag of meat convulses!
The bag of meat convulses!
The observer gazes at you. Something smites you!
* * * LOW HITPOINT WARNING * * *
The tyrant mumbles some strange words.
The observer gazes at you. Something smites you!
You die...

.. {X. o. {o
#.% {{L# { {
#oV{{{{D#{{
O###DW{{{WW###W


o.oooo###ooozoW .ooooo§_§oWoooG .{{O#O§@§o#{o{. . {{#_§Ozo#{{{. o#GO)oW#{X{
...{GoO§oL.zXVo ...oooX###.LXXXO .o###.. {M.###W . { #.% {X.#{{ #DG oL# { { ..o
.. You could see an accursed, 2 tentacled monstrosities, 4 tyrants, 3
eight-headed meat hydras, 4 observers, 3 sculptors of flesh, 2 large bags of
meat, 4 large abominations, 5 wretched souls, 2 dreads, 3 meat berserkers and 30
bags of meat.

Vanquished Creatures
  Sigmund (D)
  6 hell beasts (D)
  3 greater mummies (D)
  A great orb of eyes (D)
  6 wraiths (D)
  Harold (D)
  13 vampire knights (D)
  48 ogres (D)
  8 two-headed ogres (D)
  5 liches (D)
  2 hydras (D)
  67 orcs (D)
  3 phantoms (D)
  A skeletal warrior (D)
  9 large abominations (D)
  2 small abominations (D)
  3 crawling corpses (D)
179 creatures vanquished.

Vanquished Creatures (others)
  An orc (D)
1 creature vanquished.

Grand Total: 180 creatures vanquished

Notes
Turn   | Place    | Note
-------+----------+-------------------------------------------
     0 | D        | Krakonus1 the Formicid Fighter began the quest for the Orb.
     0 | D        | Reached XP level 1. HP: 18/18 MP: 1/1
     2 | D        | Became a worshipper of Makhleb the Destroyer
     3 | D        | Noticed a bag of meat
     3 | D        | Noticed a bag of meat
     4 | D        | Noticed a bag of meat
     4 | D        | Noticed a meat berserker
     4 | D        | Noticed a bag of meat
     4 | D        | Noticed a bag of meat
     4 | D        | Noticed a bag of meat
     5 | D        | Noticed a bag of meat
     5 | D        | Noticed a bag of meat
     5 | D        | Noticed a bag of meat
     8 | D        | Noticed a bag of meat
     8 | D        | Noticed a bag of meat
     8 | D        | Noticed a meat berserker
     9 | D        | Killed a bag of meat
     9 | D        | Reached XP level 2. HP: 47/47 MP: 2/2
     9 | D        | Reached XP level 3. HP: 53/53 MP: 3/3
     9 | D        | Reached XP level 4. HP: 60/60 MP: 4/4
     9 | D        | Reached XP level 5. HP: 67/67 MP: 5/5
     9 | D        | Reached XP level 6. HP: 74/74 MP: 6/6
     9 | D        | Reached XP level 7. HP: 80/80 MP: 7/7
     9 | D        | Reached XP level 8. HP: 87/87 MP: 8/8
     9 | D        | Reached XP level 9. HP: 94/94 MP: 9/9
     9 | D        | Reached XP level 10. HP: 101/101 MP: 10/10
     9 | D        | Reached XP level 11. HP: 107/107 MP: 11/11
     9 | D        | Reached XP level 12. HP: 114/114 MP: 12/12
    10 | D        | Noticed a bag of meat
    10 | D        | Noticed a meat berserker
    10 | D        | Killed a bag of meat
    10 | D        | Reached * piety under Makhleb
    10 | D        | Reached skill level 5 in Axes
    10 | D        | Reached skill level 10 in Unarmed Combat
    10 | D        | Reached XP level 13. HP: 21/126 MP: 13/13
    10 | D        | Killed a bag of meat
    10 | D        | Reached XP level 14. HP: 69/138 MP: 14/14
    10 | D        | Killed a bag of meat
    10 | D        | Reached XP level 15. HP: 74/147 MP: 15/15
    10 | D        | Reached ** piety under Makhleb
    10 | D        | Reached skill level 10 in Axes
    10 | D        | Killed a meat berserker
    10 | D        | Reached XP level 16. HP: 162/162 MP: 16/16
    11 | D        | Reached skill level 27 in Shields
    11 | D        | Reached *** piety under Makhleb
    11 | D        | Reached skill level 27 in Fighting
    11 | D        | Reached skill level 15 in Axes
    11 | D        | Reached XP level 17. HP: 174/174 MP: 17/17
    11 | D        | Killed a meat berserker
    11 | D        | Reached skill level 27 in Armour
    11 | D        | Reached XP level 18. HP: 182/182 MP: 18/18
    12 | D        | Killed a meat berserker
    12 | D        | Reached **** piety under Makhleb
    12 | D        | Reached skill level 27 in Axes
    12 | D        | Reached XP level 19. HP: 189/189 MP: 19/19
    12 | D        | Reached skill level 27 in Unarmed Combat
    13 | D        | Reached ***** piety under Makhleb
    13 | D        | Reached XP level 20. HP: 197/197 MP: 19/29
    20 | D        | Noticed a meat berserker
    20 | D        | Reached skill level 10 in Dodging
    21 | D        | Noticed a destroyer
    21 | D        | Noticed a destroyer
    22 | D        | Reached skill level 15 in Invocations
    23 | D        | Killed a meat berserker
    23 | D        | Reached skill level 15 in Throwing
    23 | D        | Reached skill level 15 in Spellcasting
    23 | D        | Reached XP level 21. HP: 204/204 MP: 21/40
    24 | D        | Killed a destroyer
    25 | D        | Noticed a large bag of meat
    26 | D        | Noticed a meat berserker
    27 | D        | Noticed a destroyer
    27 | D        | Noticed a large bag of meat
    27 | D        | Reached XP level 22. HP: 212/212 MP: 21/45
    28 | D        | Noticed a large bag of meat
    28 | D        | Killed a large bag of meat
    30 | D        | Noticed an eight-headed meat hydra
    30 | D        | Killed a large bag of meat
    30 | D        | Reached skill level 27 in Invocations
    30 | D        | Killed a destroyer
    30 | D        | Reached skill level 27 in Stealth
    30 | D        | Reached XP level 23. HP: 219/219 MP: 22/49
    32 | D        | Killed a destroyer
    32 | D        | Reached XP level 24. HP: 227/227 MP: 23/53
    34 | D        | Noticed a large bag of meat
    34 | D        | Noticed The Servant
    34 | D        | Reached skill level 27 in Throwing
    34 | D        | Reached skill level 27 in Spellcasting
    35 | D        | Noticed a destroyer
    35 | D        | Killed a large bag of meat
    35 | D        | Reached skill level 27 in Dodging
    37 | D        | Noticed a large bag of meat
    38 | D        | Reached XP level 25. HP: 193/234 MP: 24/54
    39 | D        | Killed a destroyer
    40 | D        | Noticed a destroyer
    41 | D        | Reached XP level 26. HP: 121/242 MP: 25/54
    42 | D        | Reached ****** piety under Makhleb
    43 | D        | Noticed a destroyer
    44 | D        | Killed a large bag of meat
    44 | D        | Reached XP level 27. HP: 249/249 MP: 26/54
    45 | D        | Noticed a destroyer
    45 | D        | Killed a large bag of meat
    47 | D        | Killed The Servant
    52 | D        | Killed a destroyer
    52 | D        | Killed a destroyer
    54 | D        | Killed a destroyer
    55 | D        | Noticed an accursed
    58 | D        | Noticed a tyrant
    58 | D        | Noticed a large bag of meat
    60 | D        | Noticed a tyrant
    63 | D        | Noticed a tyrant
    63 | D        | Killed a tyrant
    64 | D        | Noticed a destroyer
    65 | D        | Noticed The Captor
    65 | D        | Noticed an accursed
    65 | D        | Noticed a large bag of meat
    67 | D        | Killed a tyrant
    67 | D        | Killed a destroyer
    67 | D        | Killed an accursed
    69 | D        | Noticed a dread
    69 | D        | Killed a large bag of meat
    70 | D        | Killed a tyrant
    75 | D        | Noticed a destroyer
    75 | D        | Killed The Captor
    76 | D        | Noticed a dread
    76 | D        | Noticed a dread
    77 | D        | Noticed a destroyer
    77 | D        | Killed an accursed
    77 | D        | Killed a destroyer
    78 | D        | Noticed a tyrant
    78 | D        | Killed a dread
    79 | D        | Noticed a meat beast
    80 | D        | Killed a large bag of meat
    80 | D        | Killed a destroyer
    81 | D        | Noticed a meat beast
    81 | D        | Noticed a dread
    82 | D        | Noticed a dread
    82 | D        | Noticed a meat beast
    83 | D        | Noticed a tyrant
    83 | D        | Noticed a dread
    83 | D        | Noticed a large bag of meat
    84 | D        | Killed a dread
    84 | D        | Killed a meat beast
    85 | D        | Noticed a large bag of meat
    86 | D        | Noticed a destroyer
    87 | D        | Noticed a meat beast
    87 | D        | Noticed a large bag of meat
    88 | D        | Noticed an accursed
    88 | D        | Noticed a meat beast
    88 | D        | Noticed a meat beast
    88 | D        | Killed a dread
    89 | D        | Killed a meat beast
    90 | D        | Noticed a tyrant
    90 | D        | Noticed an accursed
    90 | D        | Killed a meat beast
    91 | D        | Noticed a tyrant
    91 | D        | Noticed a destroyer
    91 | D        | Noticed a dread
    91 | D        | Killed an accursed
    91 | D        | Killed a meat beast
    92 | D        | Killed a destroyer
    92 | D        | Killed a meat beast
    93 | D        | Noticed an accursed
    93 | D        | Noticed a destroyer
    93 | D        | Killed a tyrant
    93 | D        | Killed a large bag of meat
    94 | D        | Noticed a dread
    94 | D        | Killed a tyrant
    95 | D        | Killed a dread
    96 | D        | Killed a dread
    97 | D        | Noticed a destroyer
    97 | D        | Noticed a destroyer
    97 | D        | Killed a meat beast
    97 | D        | Killed a dread
    98 | D        | Killed a destroyer
    99 | D        | Noticed a destroyer
   100 | D        | Noticed an accursed
   100 | D        | Noticed a tyrant
   100 | D        | Noticed a tyrant
   100 | D        | Killed a destroyer
   101 | D        | Noticed a dread
   101 | D        | Noticed a large bag of meat
   103 | D        | HP: 8/249 [observer/divine providence (13)]
   103 | D        | Killed from afar by an observer

Vault maps used:
D:        meatsprint

Skill      XL: |  1  2  3  4  5  6  7  8  9 10 11 12 13 14 15 16 17 18 19 20 21 22 23 24 |
---------------+-------------------------------------------------------------------------+-----
Fighting       | 17 19 21 22 25 27 | 27.0
Axes           | 3 5 7 8 12 15 21 27 | 27.0
Armour         | 17 19 21 22 24 26 27 | 27.0
Shields        | 18 20 22 23 26 27 | 27.0
Unarmed Combat | 9 10 11 13 14 16 24 27 | 27.0
Throwing       | 6 15 19 22 26 27 | 27.0
Dodging        | 6 14 17 21 25 27 | 27.0
Stealth        | 8 19 23 27 | 27.0
Spellcasting   | 6 15 19 22 26 27 | 27.0
Invocations    | 8 18 21 27 | 27.0

Action                   |  1- 3 |  4- 6 |  7- 9 | 10-12 | 13-15 | 16-18 | 19-21 | 22-24 | 25-27 || total
-------------------------+-------+-------+-------+-------+-------+-------+-------+-------+-------++-------
Melee: Executioner's axe |     1 |       |       |     1 |       |     2 |     7 |     6 |    48 ||    65
Invok: Greater Servant o |       |       |       |       |       |       |       |     4 |     2 ||     6
 Abil: Dig               |     1 |       |       |       |       |       |       |       |     1 ||     2
  Use: Potion            |       |       |       |       |       |       |       |       |     1 ||     1
Armor: Scale mail        |       |       |       |       |       |       |       |     1 |       ||     1
Dodge: Dodged            |       |       |       |       |       |       |       |       |     7 ||     7
Block: Shield            |       |       |       |       |       |       |       |       |     6 ||     6
